 Dungeon Crawl Stone Soup version 0.28-a0-128-gcbb86046cc (webtiles) character file.

Game seed: 3583499864436746831

295331 voltaire321 the Eclecticist (level 20, -7/125 HPs)
             Began as a Deep Elf Ice Elementalist on Aug 15, 2021.
             Was the Champion of Vehumet.
             Mangled by Polyphemus (17 damage)
             ... on level 4 of the Shoals.
             The game lasted 04:47:59 (51571 turns).

voltaire321 the Eclecticist (DEIE)                 Turns: 51571, Time: 04:48:00

Health: -7/125     AC: 39    Str:  5    XL:     20   Next: 5%
Magic:  41/45      EV: 18    Int: 30    God:    Vehumet [******]
Gold:   2976       SH: 11    Dex: 16    Spells: 8/58 levels left

rFire   . . .      SeeInvis +   Y - +10 trident of Murey {drain, rElec}
rCold   + + .      Faith    .   O - +0 kite shield
rNeg    + + .      Spirit   .   A - +4 troll leather armour
rPois   +          Reflect  .   N - +0 hat of Lust {rC+ rN+ Will+ Dex+3}
rElec   +          Harm     .   m - +2 cloak
rCorr   .          Rampage  .   L - +5 pair of gloves of the Valley of Death {rPois SInv}
Will    +++++      Clarity  +   J - +1 pair of boots
Stlth   ++........              g - amulet of the Four Winds {rN+ Will+++ Clar}
HPRegen 1.30/turn               I - ring of the Tortoise {AC+8}
MPRegen 0.29/turn               F - ring of protection from cold

@: ice-armoured
A: clumsy 1, wild magic 1
}: 2/15 runes: barnacled, gossamer
a: Renounce Religion


You were on level 4 of the Shoals.
You worshipped Vehumet.
Vehumet was exalted by your worship.
You visited 7 branches of the dungeon, and saw 35 of its levels.
You also visited: Ossuary, Ice Cave and Volcano.

You collected 7681 gold pieces.
You spent 4705 gold pieces at shops.

Inventory:

Hand Weapons
 P - the +7 long sword of Cofonau {pain, rPois rF+ Stlth-}
   (You took it off a deep elf annihilator on level 3 of the Elven Halls)

   In the hands of one skilled in necromantic magic, it inflicts extra damage on
   living creatures.
   rF:        It protects you from fire.
   rPois:     It protects you from poison.
   Stlth:     It makes you less stealthy.
 U - the +7 rapier of Yeast {venom, rF+}
   (You bought it in a shop on level 4 of the Shoals)

   It poisons the flesh of those it strikes.
   rF:        It protects you from fire.
 Y - the +10 trident of Murey (weapon) {drain, rElec}
   (You found it on level 5 of the Lair of Beasts)

   A truly terrible weapon, it drains the life of any living foe it strikes.
   rElec:     It insulates you from electricity.
Missiles
 n - 11 atropa-tipped darts (quivered)
 E - 12 datura-tipped darts
 G - 14 throwing nets
Armour
 m - a +2 cloak (worn)
 A - a +4 troll leather armour (worn)
 J - a +1 pair of boots (worn)
 L - the +5 pair of gloves of the Valley of Death (worn) {rPois SInv}
   (You bought it in a shop on level 1 of the Orcish Mines)

   rPois:     It protects you from poison.
   SInv:      It lets you see invisible.
 N - the +0 hat of Lust (worn) {rC+ rN+ Will+ Dex+3}
   (You found it on level 3 of the Spider Nest)

   Dex:       It affects your dexterity (+3).
   rC:        It protects you from cold.
   rN:        It protects you from negative energy.
   Will:      It increases your willpower.
 O - a +0 kite shield (worn)
Magical Staves
 j - a staff of cold
Jewellery
 d - a ring of resist corrosion
 g - the amulet of the Four Winds (around neck) {rN+ Will+++ Clar}
   (You found it on level 12 of the Dungeon)

   [amulet of nothing]

   rN:        It protects you from negative energy.
   Clar:      It protects you against confusion.
   Will:      It greatly increases your willpower.
 h - a ring of protection from fire
 u - a ring of flight
 F - a ring of protection from cold (right hand)
 I - the ring of the Tortoise (left hand) {AC+8}
   (You bought it in a shop on level 15 of the Dungeon)

   [ring of protection]

   AC:        It affects your AC (+8).
Wands
 o - a wand of flame (121)
 r - a wand of paralysis (34)
 t - a wand of polymorph (35)
 w - a wand of iceblast (53)
 y - a wand of charming (35)
 R - a wand of digging (13)
 V - a wand of mindburst (12)
 Z - a wand of acid (4)
Scrolls
 i - 2 scrolls of blinking
 k - a scroll of enchant armour
 p - a scroll of holy word
 q - 4 scrolls of amnesia
 s - a scroll of magic mapping
 v - 3 scrolls of silence
 B - 5 scrolls of fog
 H - 10 scrolls of identify
 M - 2 scrolls of summoning
 S - 6 scrolls of teleportation
 T - a scroll of enchant weapon
 W - a scroll of fear
Potions
 a - 8 potions of ambrosia
 b - 6 potions of haste
 c - 6 potions of lignification
 e - 4 potions of brilliance
 f - 12 potions of curing
 l - 5 potions of cancellation
 x - a potion of magic
 z - 3 potions of resistance
 C - 5 potions of might
 D - 4 potions of invisibility
 K - 2 potions of berserk rage
 Q - 3 potions of mutation


   Skills:
 + Level 13.5 Fighting
 - Level 5.0 Armour
 - Level 15.0 Dodging
 - Level 2.4 Stealth
 + Level 11.3 Shields
 + Level 19.5 Spellcasting
 - Level 5.0 Conjurations
 - Level 12.0 Hexes
 - Level 6.0 Summonings
 - Level 5.0 Translocations
 + Level 17.2 Ice Magic
 + Level 8.7 Air Magic
 - Level 8.0 Poison Magic


You had 8 spell levels left.
You knew the following spells:

 Your Spells              Type           Power      Damage    Failure   Level
a - Stone Arrow           Conj/Erth      100%       3d13      1%          3
b - Frozen Ramparts       Ice            100%       1d12      1%          3
c - Ozocubu's Armour      Ice            100%       N/A       1%          3
d - Ensorcelled Hibernat  Hex/Ice        100%       N/A       1%          2
e - Hailstorm             Conj/Ice       90%        3d18      1%          4
f - Tukima's Dance        Hex            93%        N/A       1%          3
g - Ozocubu's Refrigerat  Ice            53%        4d15      1%          7
h - Cause Fear            Hex            46%        N/A       1%          4
i - Freezing Cloud        Conj/Ice/Air   43%        6-21      1%          5
j - Airstrike             Air            41%        N/A       1%          4
k - Olgreb's Toxic Radia  Pois           79%        N/A       1%          4
l - Summon Ice Beast      Ice/Summ       91%        N/A       1%          4
m - Passage of Golubria   Tloc           N/A        N/A       7%          4

Your spell library contained the following spells:

 Spells                   Type           Power      Damage    Failure   Level
 Polar Vortex             Ice            53%        N/A       61%         9
 Chain Lightning          Conj/Air       37%        3d50      100%        9
 Shatter                  Erth           19%        3d17*     100%        9
 Apportation              Tloc           100%       N/A       1%          1
 Corona                   Hex            100%       N/A       1%          1
 Freeze                   Ice            100%       1d11      1%          1
 Magic Dart               Conj           100%       1d8       1%          1
 Sandblast                Erth           76%        2d16      1%          1
 Shock                    Conj/Air       100%       1d9       1%          1
 Sting                    Tmut/Pois      100%       1d8       1%          1
 Summon Small Mammal      Summ           100%       N/A       1%          1
 Call Imp                 Summ           71%        N/A       1%          2
 Corpse Rot               Necr/Air       N/A        N/A       1%          2
 Poisonous Vapours        Pois/Air       100%       N/A       1%          2
 Static Discharge         Conj/Air       75%        N/A       1%          2
 Call Canine Familiar     Summ           71%        N/A       1%          3
 Conjure Flame            Conj/Fire      55%        6-21      1%          3
 Ignite Poison            Fire/Tmut/Pois 56%        N/A       1%          3
 Inner Flame              Hex/Fire       71%        N/A       1%          3
 Mephitic Cloud           Conj/Pois/Air  76%        N/A       1%          3
 Portal Projectile        Hex/Tloc       100%       N/A       1%          3
 Iskenderun's Mystic Bla  Conj/Tloc      67%        2d14      1%          4
 Gell's Gravitas          Tloc           33%        N/A       2%          3
 Teleport Other           Tloc           67%        N/A       2%          3
 Ice Form                 Ice/Tmut       81%        N/A       2%          4
 Spider Form              Tmut/Pois      31%        N/A       3%          3
 Leda's Liquefaction      Hex/Erth       35%        N/A       4%          4
 Sticky Flame             Conj/Fire      55%        2d7       4%          4
 Animate Skeleton         Necr           76%        N/A       5%          1
 Invisibility             Hex            46%        N/A       6%          6
 Passwall                 Tmut/Erth      31%        N/A       8%          2
 Irradiate                Conj/Tmut      27%        3d22      12%         5
 Animate Armour           Summ/Erth      100%       N/A       14%         4
 Alistair's Intoxication  Tmut/Pois      41%        N/A       26%         5
 Lee's Rapid Deconstruct  Erth           19%        3d12*     28%         5
 Animate Dead             Necr           19%        N/A       41%         4
 Dispel Undead            Necr           38%        3d16      41%         4
 Shadow Creatures         Summ           N/A        N/A       50%         6
 Dispersal                Tloc           33%        N/A       63%         6
 Blade Hands              Tmut           19%        N/A       75%         5
 Borgnjor's Vile Clutch   Necr/Erth      19%        N/A       75%         5
 Discord                  Hex            46%        N/A       89%         8
 Death Channel            Necr           19%        N/A       99%         6
 Dragon Form              Tmut           19%        N/A       100%        7
 Disjunction              Tloc           33%        N/A       100%        8
 Lehudib's Crystal Spear  Conj/Erth      27%        10d7      100%        8


Dungeon Overview and Level Annotations

Branches:
Dungeon (15/15)            Temple (1/1) D:7            Lair (6/6) D:10
 Shoals (4/4) Lair:4       Spider (4/4) Lair:3        Slime (0/5) Lair:5
    Orc (2/2) D:11            Elf (3/3) Orc:2        Vaults (0/5) D:13
 Depths (0/5) D:15        Ossuary (visited)           IceCv (visited)
Volcano (visited)

Altars:
Ashenzari
Cheibriados
Dithmenos
Elyvilon
Fedhas
Gozag
Hepliaklqana
Kikubaaqudgha
Makhleb
Nemelex Xobeh
Okawaru
Qazlal
Ru
Sif Muna
Trog
Uskayaw
Vehumet
Wu Jian
Xom
Yredelemnul
Zin
The Shining One
Beogh

Shops:
D:4 (   D:13 *   D:15 =   Orc:1 [   Orc:2 [*=(   Elf:1 ::=   Elf:3 *
Shoals:4 *

Annotations:
D:5 2 transporters, Hatyri's ghost, amateur DgFi
D:11 2 transporters, Atlas's ghost, journeyman DrTm
Lair:1 3 runed translucent doors, Loskel's ghost, novice DsMo; gregwegmann's ghost, novice TrBe
Lair:6 1 transporter, 2 runed translucent doors, Inoelank's ghost, journeyman GnFi
Shoals:3 Roxanne
Shoals:4 Polyphemus
Elf:2 3 runed translucent doors


Innate Abilities, Weirdness & Mutations

You are clumsy. (Dex -2)
Your spells are a little harder to cast, but a little more powerful.


Message History

Aim: Polyphemus, quivering large rocks (freezing vapour, moderately wounded, very poisoned, about 10% to evade the +10 trident of Murey)
You reach to attack!
You hit Polyphemus but do no damage. You drain Polyphemus.
Polyphemus is moderately wounded.
Polyphemus is engulfed in freezing vapours.
The wall freezes Polyphemus!
Polyphemus seems to be sizing you up for his next meal.
The wall freezes Polyphemus.
Polyphemus hits you!
* * * LOW HITPOINT WARNING * * *
Polyphemus hits you.
* * * LOW HITPOINT WARNING * * *
Casting: Airstrike (mildly dangerous; 1% risk of failure)
Confirm with . or Enter, or press ? or * to list all spells.
Polyphemus looks frightened!
The wall freezes Polyphemus.
Your attack snaps Polyphemus out of his fear.
Polyphemus completely misses you. You block Polyphemus's attack.
Aiming: Corrosive Bolt
Press: ? - help, Shift-Dir - straight line, f/p - Polyphemus
Aim: Polyphemus, quivering large rocks (heavily wounded, very poisoned, lightly drained, 98% to hit)
The bolt of acid hits Polyphemus!
Polyphemus is splashed with acid!
The acid corrodes Polyphemus!
Polyphemus is heavily wounded.
The wall freezes Polyphemus!
You block Polyphemus's attack. x2
Aiming: Corrosive Bolt
Press: ? - help, Shift-Dir - straight line, f/p - Polyphemus
Aim: Polyphemus, quivering large rocks (heavily wounded, very poisoned, covered in acid, lightly drained, 98% to hit)
The bolt of acid hits Polyphemus!
Polyphemus is splashed with acid.
Polyphemus seems to be corroded for longer.
Polyphemus is severely wounded.
The frozen ramparts melt away.
You block Polyphemus's attack. Polyphemus misses you.
Unknown command.
Aiming: Corrosive Bolt
Press: ? - help, Shift-Dir - straight line, f/p - Polyphemus
Aim: Polyphemus, quivering large rocks (severely wounded, very poisoned, covered in acid, lightly drained, 98% to hit)
The bolt of acid hits Polyphemus!
Polyphemus is splashed with acid.
Polyphemus is almost dead.
Polyphemus hits you!!
* * * LOW HITPOINT WARNING * * *
Polyphemus hits you!
You die...

## ..# ≈≈≈≈≈≈≈ . .§#
≈≈≈≈≈≈≈≈≈ . ..
§○##≈≈≈≈≈≈≈≈≈≈≈≈≈≈≈ P .≈#
#§§#≈≈≈≈≈≈≈≈≈≈≈≈≈≈≈ P .≈#≈≈
☼§#≈≈≈≈≈≈..≈≈≈≈≈≈≈ ≈
#≈§§§#§#≈≈≈≈......≈≈≈≈≈ P
#§§§C@≈≈≈.........≈≈≈≈ ≈
#≈.§#§.#≈..........≈≈≈.≈ ≈ #
...§#....)......≈≈≈≈≈.
####≈..............∩≈≈.
≈≈≈≈≈≈≈≈.............≈≈≈≈≈.
≈≈≈≈≈≈≈≈≈..............≈≈≈.)
≈≈≈≈≈≈≈≈....................
≈≈
≈≈≈≈≈≈≈≈....................
≈≈≈
≈≈≈≈≈≈≈.................≈≈≈.


You could see Polyphemus (very poisoned, corroded, drained).

Vanquished Creatures
  Bai Suzhen (Spider:3)
  Jorgrun (Spider:3)
  3 deep elf blademasters (Elf:3)
  Ilsuiw (Shoals:3)
  4 ghost moths
  Louise (Spider:4)
  3 deep elf sorcerers
  4 orc warlords
  6 deep elf elementalists (Elf:3)
  6 emperor scorpions
  2 spark wasps (Spider:1)
  7 deep elf demonologists (Elf:3)
  3 entropy weavers
  6 deep elf death magi
  6 deep elf annihilators (Elf:3)
  6 merfolk javelineers
  10 merfolk impalers
  An ettin (Orc:1)
  2 fire dragons
  5 boulder beetles
  Harold (D:8)
  5 deep elf high priests
  2 ice dragons
  7 hydras
  A rakshasa (D:11)
  3 merfolk avatars
  2 ogre magi
  A centaur warrior (D:13)
  Erica (D:8)
  An alligator snapping turtle (Shoals:4)
  8 merfolk aquamancers
  3 catoblepae
  A satyr (Shoals:3)
  13 two-headed ogres
  A tengu warrior (D:15)
  17 dancing weapons
  9 death yaks
  5 orc high priests (Orc:2)
  14 deep elf knights
  Sonja (Lair:5)
  A fire crab (Lair:6)
  A fire crab (shapeshifter) (D:13)
  9 sea snakes
  16 harpies
  16 deep elf archers
  13 orb spiders
  34 deep elf pyromancers
  A lindwurm (Lair:3)
  30 deep elf zephyrmancers
  4 oklob plants (Lair:5)
  4 orc knights
  16 manticores
  4 orc sorcerers
  10 fauns
  21 ugly things
  6 cyclopes
  33 wolf spiders
  2 moths of wrath
  4 black mambas
  Maurice (D:8)
  9 elephants
  4 water nymphs
  13 merfolk sirens
  18 cane toads
  3 gargoyles
  3 molten gargoyles (Lair:6)
  Joseph (D:7)
  6 rime drakes
  17 demonic crawlers
  A yaktaur (D:15)
  An unseen horror (D:11)
  2 kobold demonologists
  14 komodo dragons
  An ice devil (IceCv)
  4 wind drakes
  16 blink frogs
  30 merfolk
  7 hornets
  4 trolls
  2 polar bears (D:11)
  44 jumping spiders
  13 slime creatures
  3 dream sheep (Shoals:1)
  A blink frog (shapeshifter) (D:13)
  7 snapping turtles
  34 tarantellas
  64 redbacks
  A shadow (D:12)
  62 yaks
  2 air elementals (Elf:2)
  A human (shapeshifter) (D:15)
  A redback (shapeshifter) (D:13)
  3 wraiths
  5 wyverns
  A fire elemental (Elf:1)
  16 water elementals
  Grum (D:10)
  A golden eye (shapeshifter) (D:14)
  6 basilisks
  6 wargs
  6 vampire mosquitoes (D:12)
  4 steam dragons
  Edmund (D:5)
  An acid dragon (D:11)
  12 water moccasins
  3 hell hounds (Lair:6)
  3 sky beasts (D:6)
  47 orc warriors
  12 ogres
  A necrophage (D:8)
  29 wolves
  9 centaurs
  A phantom (D:6)
  15 bullfrogs
  A cane toad simulacrum (IceCv)
  A gnoll sergeant (D:5)
  5 earth elementals
  A two-headed ogre simulacrum (IceCv)
  A scorpion (D:6)
  A water moccasin zombie (D:6)
  8 wights
  3 killer bees (D:9)
  4 electric eels
  4 howler monkeys
  5 lava snakes (Lair:6)
  5 centaur zombies
  2 jellies
  2 hounds
  16 orc priests
  2 iguanas
  35 orc wizards
  6 hell rats (Lair:6)
  A troll simulacrum (IceCv)
  8 mummies (Ossuary)
  2 howler monkey zombies
  9 gnolls
  13 adders
  A naga simulacrum (IceCv)
  3 shadow imps
  3 white imps (D:7)
  2 ufetubi
  A worm (D:5)
  A dart slug (D:1)
  82 orcs
  5 endoplasms
  2 giant cockroaches
  15 goblins
  15 hobgoblins
  12 jackals
  14 kobolds
  A quokka (D:3)
  10 ball pythons
  4 bats
  5 frilled lizards
  2 hobgoblin zombies (Ossuary)
  2 kobold zombies (Ossuary)
  4 orc zombies (Ossuary)
  5 rats
1296 creatures vanquished.

Vanquished Creatures (collateral kills)
  A deep elf sorcerer (Elf:3)
  Aizul (Shoals:3)
  A deep elf high priest (Elf:3)
  A two-headed ogre (D:14)
  A wolf spider (Spider:4)
  A torpor snail (Spider:2)
  Maggie (D:9)
  3 demonic crawlers
  A komodo dragon (Lair:1)
  A merfolk (Shoals:3)
  A snapping turtle (Shoals:3)
  A redback (Spider:4)
  An ogre (D:14)
15 creatures vanquished.

Vanquished Creatures (others)
  2 deep elf knights
  A deep elf pyromancer (Elf:2)
  A water elemental (Shoals:4)
  49 fungi
  155 plants
208 creatures vanquished.

Grand Total: 1519 creatures vanquished

Notes
Turn   | Place    | Note
-------+----------+-------------------------------------------
     0 | D:1      | voltaire321 the Deep Elf Ice Elementalist began the quest
                  | for the Orb.
     0 | D:1      | Reached XP level 1. HP: 10/10 MP: 6/6
   228 | D:1      | Reached XP level 2. HP: 16/16 MP: 4/8
   736 | D:1      | Reached skill level 1 in Fighting
   800 | D:1      | Reached XP level 3. HP: 19/20 MP: 8/10
  1033 | D:2      | Learned a level 3 spell: Frozen Ramparts
  1037 | D:2      | Learned a level 3 spell: Ozocubu's Armour
  1834 | D:3      | Found a snail-covered altar of Cheibriados.
  2022 | D:3      | Reached XP level 4. HP: 21/25 MP: 7/11
  2231 | D:3      | Learned a level 2 spell: Ensorcelled Hibernation
  2246 | D:3      | Reached skill level 4 in Spellcasting
  2326 | D:3      | Found a hazy altar of Hepliaklqana.
  2415 | D:3      | Found a basalt altar of Yredelemnul.
  2418 | D:3      | Found an ancient bone altar of Kikubaaqudgha.
  3230 | D:4      | Found an opulent altar of Gozag.
  3312 | D:4      | Found Taoty's Weapon Shoppe.
  3344 | D:4      | Reached skill level 5 in Ice Magic
  3569 | D:4      | Identified a scroll of acquirement
  3569 | D:4      | Acquired 1189 gold pieces
  3622 | D:4      | Reached XP level 5. HP: 24/30 MP: 7/13
  3668 | D:4      | Learned a level 4 spell: Hailstorm
  4218 | D:5      | Entered Level 5 of the Dungeon
  4465 | D:5      | Found a transporter.
  4468 | D:5      | Noticed a phantom
  4486 | D:5      | Noticed Hatyri's ghost (amateur DgFi)
  4505 | D:5      | Found a transporter.
  4869 | D:5      | Noticed an ogre
  4913 | D:5      | Killed an ogre
  4914 | D:5      | Reached skill level 5 in Spellcasting
  4914 | D:5      | Reached XP level 6. HP: 13/36 MP: 5/15
  5330 | D:5      | Noticed Edmund
  5380 | D:5      | Killed Edmund
  5381 | D:5      | Reached skill level 5 in Dodging
  5381 | D:5      | Reached XP level 7. HP: 23/40 MP: 9/17
  5650 | D:6      | Reached skill level 6 in Spellcasting
  5739 | D:6      | Reached skill level 1 in Conjurations
  6245 | D:6      | Found a hide-covered altar of Uskayaw.
  6325 | D:6      | Reached XP level 8. HP: 41/46 MP: 17/19
  6439 | D:6      | Found a sacrificial altar of Ru.
  6764 | D:6      | Found a shadowy altar of Dithmenos.
  7439 | D:7      | Reached skill level 7 in Spellcasting
  7555 | D:7      | Found a staircase to the Ecumenical Temple.
  7586 | D:7      | Found a sand-covered staircase.
  7590 | Ossuary  | Entered an ossuary
  7607 | Ossuary  | Reached skill level 1 in Hexes
  8875 | Temple   | Entered the Ecumenical Temple
  9035 | Temple   | Became a worshipper of Vehumet
  9375 | D:7      | Reached XP level 9. HP: 48/52 MP: 8/22
  9568 | D:8      | Noticed Harold
  9648 | D:8      | Noticed Maurice
  9664 | D:8      | Killed Maurice
  9724 | D:8      | Learned a level 3 spell: Tukima's Dance
  9870 | D:8      | Reached skill level 8 in Spellcasting
  9926 | D:8      | Noticed a death knight
 10017 | D:8      | Noticed Joseph
 10174 | D:7      | Killed Joseph
 10186 | D:7      | Reached skill level 5 in Conjurations
 10420 | D:8      | Reached skill level 5 in Fighting
 10563 | D:8      | Reached * piety under Vehumet
 10563 | D:8      | Offered knowledge of Shock by Vehumet.
 10569 | D:8      | Learned a level 1 spell: Shock
 10716 | D:8      | Noticed Erica
 10719 | D:8      | Reached skill level 5 in Hexes
 10722 | D:8      | Killed Erica
 10723 | D:8      | Reached skill level 9 in Spellcasting
 10723 | D:8      | Reached XP level 10. HP: 59/59 MP: 10/25
 10944 | D:8      | Killed Harold
 11095 | D:9      | Learned a level 4 spell: Cause Fear
 11102 | D:9      | Noticed a two-headed ogre
 11110 | D:9      | Killed a two-headed ogre
 11255 | D:9      | Found an ornate altar of the Wu Jian Council.
 11262 | D:9      | Noticed a two-headed ogre
 11295 | D:9      | Killed a two-headed ogre
 11296 | D:9      | Reached skill level 10 in Spellcasting
 11527 | D:9      | Identified the +4 trident "Holis" {flame, rPois MP-9 Str+2}
 11652 | D:9      | Noticed Maggie
 11666 | D:9      | Killed Maggie
 12083 | D:10     | Entered Level 10 of the Dungeon
 12100 | D:10     | Found a glowing silver altar of Zin.
 12367 | D:10     | Found a staircase to the Lair.
 12455 | D:10     | Reached XP level 11. HP: 35/65 MP: 21/27
 12711 | D:10     | Noticed Grum
 12777 | D:10     | Killed Grum
 13049 | D:10     | Found a shimmering blue altar of Sif Muna.
 13511 | Lair:1   | Entered Level 1 of the Lair of Beasts
 13717 | Lair:1   | Reached skill level 10 in Dodging
 13838 | Lair:1   | Reached skill level 1 in Armour
 13838 | Lair:1   | Offered knowledge of Poisonous Vapours by Vehumet.
 13998 | Lair:1   | Reached ** piety under Vehumet
 13999 | Lair:1   | Reached skill level 10 in Ice Magic
 14002 | Lair:1   | Found a dark tunnel.
 14011 | Volcano  | Entered a volcano
 14446 | Lair:1   | Reached skill level 11 in Spellcasting
 14683 | Lair:1   | Found a runed translucent gate.
 14684 | Lair:1   | Found a runed translucent gate.
 14685 | Lair:1   | Found a runed translucent gate.
 14685 | Lair:1   | Noticed gregwegmann's ghost (novice TrBe)
 14685 | Lair:1   | Noticed Loskel's ghost (novice DsMo)
 16175 | Lair:2   | Reached XP level 12. HP: 56/72 MP: 12/29
 16184 | Lair:2   | Offered knowledge of Static Discharge by Vehumet.
 16191 | Lair:2   | Learned a level 2 spell: Static Discharge
 17091 | Lair:3   | Reached skill level 1 in Air Magic
 17368 | Lair:3   | Reached *** piety under Vehumet
 17443 | Lair:3   | Identified the +0 pair of boots of Fortification {rElec rF+
                  | Str-4}
 17606 | Lair:3   | Reached skill level 12 in Spellcasting
 17749 | Lair:3   | Noticed a five-headed hydra
 17814 | Lair:3   | Killed a five-headed hydra
 18615 | Lair:3   | Found a hole to the Spider Nest.
 18891 | Lair:4   | Offered knowledge of Airstrike by Vehumet.
 18892 | Lair:4   | Reached skill level 1 in Shields
 18897 | Lair:4   | Learned a level 4 spell: Airstrike
 18943 | Lair:4   | Noticed a four-headed hydra
 18958 | Lair:4   | Killed a four-headed hydra
 19051 | Lair:4   | Noticed a catoblepas
 19067 | Lair:4   | Reached skill level 10 in Hexes
 19070 | Lair:4   | Noticed a five-headed hydra
 19070 | Lair:4   | Killed a catoblepas
 19072 | Lair:4   | Noticed an eight-headed hydra
 19085 | Lair:4   | Killed a five-headed hydra
 19103 | Lair:4   | Noticed a five-headed hydra
 19105 | Lair:4   | Reached XP level 13. HP: 36/78 MP: 18/31
 19106 | Lair:4   | Reached **** piety under Vehumet
 19397 | Lair:4   | Offered knowledge of Fireball by Vehumet.
 19583 | Lair:4   | Found a staircase to the Shoals.
 20828 | Lair:5   | Noticed Sonja
 20848 | Lair:5   | Killed Sonja
 20965 | Lair:5   | Identified the +10 trident of Murey {drain, rElec}
 21238 | Lair:5   | Found a staircase to the Slime Pits.
 21629 | Lair:5   | Reached skill level 5 in Armour
 21629 | Lair:5   | Reached skill level 13 in Spellcasting
 22563 | Lair:6   | Entered Level 6 of the Lair of Beasts
 23062 | Lair:6   | Found a transporter.
 23184 | Lair:6   | Noticed Inoelank's ghost (journeyman GnFi)
 23209 | Lair:6   | Found a transporter.
 23290 | Lair:6   | Reached ***** piety under Vehumet
 23290 | Lair:6   | Offered knowledge of Ozocubu's Refrigeration by Vehumet.
 23354 | Lair:6   | Learned a level 7 spell: Ozocubu's Refrigeration
 23390 | Lair:6   | Reached skill level 5 in Air Magic
 23581 | Lair:6   | Reached XP level 14. HP: 73/84 MP: 23/33
 24673 | Lair:6   | Found a large runed translucent door.
 24673 | Lair:6   | Found a large runed translucent door.
 25784 | D:11     | Found a frozen archway.
 25812 | D:11     | Reached skill level 14 in Spellcasting
 25853 | IceCv    | Entered an ice cave
 27113 | D:11     | Offered knowledge of Olgreb's Toxic Radiance by Vehumet.
 27122 | D:11     | Learned a level 4 spell: Olgreb's Toxic Radiance
 27500 | D:11     | Noticed Atlas's ghost (journeyman DrTm)
 27669 | D:11     | Found a transporter.
 27682 | D:11     | Found a transporter.
 27775 | D:11     | Found a staircase to the Orcish Mines.
 28075 | Orc:1    | Entered Level 1 of the Orcish Mines
 28090 | D:11     | Reached skill level 1 in Poison Magic
 28308 | Orc:1    | Noticed an orc warlord
 28453 | D:11     | Reached skill level 5 in Shields
 28512 | D:11     | Killed an orc warlord
 28954 | Orc:2    | Entered Level 2 of the Orcish Mines
 29056 | Orc:2    | Found Izafimpo's Jewellery Shop.
 29086 | Orc:2    | Noticed an orc warlord
 29239 | Orc:2    | Killed an orc warlord
 29433 | Orc:2    | Found Baor's Antique Weapon Emporium.
 29811 | Orc:2    | Reached XP level 15. HP: 92/92 MP: 31/35
 29815 | Orc:2    | Noticed an orc warlord
 29828 | Orc:2    | Killed an orc warlord
 29831 | Orc:2    | Offered knowledge of Spellforged Servitor by Vehumet.
 30012 | Orc:2    | Found Mygamp's General Store.
 30174 | Orc:2    | Found a staircase to the Elven Halls.
 30198 | Orc:2    | Found Ygiochem's Antique Armour Shoppe.
 30206 | Orc:2    | Bought a twisted leather armour for 266 gold pieces
 30206 | Orc:2    | Identified the +0 leather armour of the Depths {rC++ Str-4}
                  | (You bought it in a shop on level 2 of the Orcish Mines)
 30486 | Orc:1    | Found Logodoha's Antique Armour Shop.
 30622 | Orc:1    | Bought a pair of transparent gloves for 304 gold pieces
 30622 | Orc:1    | Identified the +5 pair of gloves of the Valley of Death
                  | {rPois SInv} (You bought it in a shop on level 1 of the
                  | Orcish Mines)
 31265 | D:12     | Found the amulet of the Four Winds {rN+ Will+++ Clar}
 31553 | D:13     | Found Kesi's Assorted Antiques.
 31573 | D:13     | Bought a scroll of blinking for 247 gold pieces
 31573 | D:13     | Bought a slimy mace for 264 gold pieces
 31573 | D:13     | Identified the +4 mace of the Exiled Wonders {elec,
                  | *Corrode rPois Str+4 Stlth+} (You bought it in a shop on
                  | level 13 of the Dungeon)
 31635 | D:13     | Found a gate to the Vaults.
 31645 | D:13     | Reached skill level 10 in Fighting
 31785 | D:13     | Found a radiant altar of Vehumet.
 31943 | D:13     | Reached skill level 15 in Spellcasting
 32523 | D:14     | Reached skill level 5 in Poison Magic
 32716 | D:14     | You fall into a shaft and drop 1 floor!
 32716 | D:15     | Entered Level 15 of the Dungeon
 32810 | D:15     | Found a staircase to the Depths.
 33078 | D:15     | Found Ythealiu's Jewellery Boutique.
 33118 | D:15     | Offered knowledge of Conjure Ball Lightning by Vehumet.
 34146 | D:14     | Found a white marble altar of Elyvilon.
 34458 | D:15     | Bought the ring of the Tortoise {AC+8} for 2304 gold pieces
 34458 | D:15     | Found the ring of the Tortoise {AC+8}
 34602 | Elf:1    | Entered Level 1 of the Elven Halls
 34617 | Elf:1    | Reached XP level 16. HP: 42/98 MP: 19/37
 36471 | Elf:1    | Found Inaxt's Book Emporium.
 36474 | Elf:1    | Found Buplicle's Jewellery Boutique.
 36475 | Elf:1    | Found Hojar's Book Emporium.
 36886 | Elf:1    | Reached skill level 16 in Spellcasting
 37474 | Elf:2    | Reached skill level 15 in Dodging
 37593 | Elf:2    | Acquired 975 gold pieces
 37615 | Elf:1    | Bought a book of Armaments for 540 gold pieces
 37619 | Elf:1    | Learned a level 3 spell: Stone Arrow
 37620 | Elf:1    | Bought a book of Rime for 420 gold pieces
 37625 | Elf:1    | Learned a level 4 spell: Summon Ice Beast
 37669 | Elf:2    | Offered knowledge of Freezing Cloud by Vehumet.
 37673 | Elf:2    | Reached skill level 1 in Summonings
 37995 | Elf:2    | Learned a level 5 spell: Freezing Cloud
 38220 | Elf:2    | Found a runed translucent gate.
 38220 | Elf:2    | Found a runed translucent gate.
 38221 | Elf:2    | Found a runed translucent gate.
 38674 | Elf:2    | Reached ****** piety under Vehumet
 38714 | Elf:3    | Entered Level 3 of the Elven Halls
 38789 | Elf:3    | Reached XP level 17. HP: 76/104 MP: 16/39
 38962 | Elf:3    | Found Vede's General Store.
 39626 | Elf:3    | Noticed a deep elf blademaster
 39630 | Elf:3    | Noticed a Hell Sentinel
 39641 | Elf:3    | Killed a deep elf blademaster
 39648 | Elf:3    | Offered knowledge of Irradiate by Vehumet.
 39781 | Elf:3    | Gained mutation: You are clumsy. (Dex -2) [a cacodemon]
 39781 | Elf:3    | Gained mutation: Your spells are a little harder to cast,
                  | but a little more powerful. [a cacodemon]
 39987 | Elf:3    | Reached skill level 15 in Ice Magic
 39988 | Elf:3    | Reached skill level 17 in Spellcasting
 40049 | Elf:3    | Noticed a deep elf blademaster
 40064 | Elf:3    | Killed a deep elf blademaster
 40065 | Elf:3    | Reached skill level 5 in Summonings
 40221 | Elf:3    | Noticed a deep elf blademaster
 40229 | Elf:3    | Killed a deep elf blademaster
 40808 | Elf:3    | Identified the +7 long sword of Cofonau {pain, rPois rF+
                  | Stlth-}
 40962 | Elf:3    | Identified the +9 morningstar "Limaocit" {vorpal, rPois
                  | Will+}
 41230 | Elf:3    | Got Qulaqock's Volume of Transmutation and the Voyage
 41270 | Elf:3    | Identified the +7 hunting sling of Collusion {vorpal, rPois
                  | Will- SInv}
 41564 | Elf:2    | Paralysed by an air elemental for 1 turns
 41771 | Spider:1 | Entered Level 1 of the Spider Nest
 41909 | Spider:1 | Acquired 771 gold pieces
 42074 | Spider:1 | Reached XP level 18. HP: 112/112 MP: 35/41
 42455 | Spider:1 | Offered knowledge of Maxwell's Capacitive Coupling by
                  | Vehumet.
 43578 | Spider:2 | Reached skill level 18 in Spellcasting
 44162 | Spider:3 | Noticed Jorgrun
 44168 | Spider:3 | Noticed Bai Suzhen
 44169 | Spider:3 | Killed Jorgrun
 44294 | Spider:3 | Offered knowledge of Shatter by Vehumet.
 44294 | Spider:3 | Offered knowledge of Chain Lightning by Vehumet.
 44294 | Spider:3 | Offered knowledge of Polar Vortex by Vehumet.
 44295 | Spider:3 | Reached skill level 10 in Shields
 44299 | Spider:3 | Identified the +0 hat of Lust {rC+ rN+ Will+ Dex+3}
 44485 | Spider:3 | Identified the +3 trident of Watchfulness {vorpal, rElec
                  | rF- Int+2}
 44607 | Spider:3 | Killed Bai Suzhen
 45110 | Spider:4 | Entered Level 4 of the Spider Nest
 45319 | Spider:4 | Noticed Louise
 45332 | Spider:4 | Killed Louise
 45647 | Spider:4 | Reached XP level 19. HP: 99/118 MP: 40/43
 46118 | Spider:4 | Got a gossamer rune of Zot
 46477 | Shoals:1 | Entered Level 1 of the Shoals
 46669 | Shoals:1 | Got the Papyrus of the Dislocated Glacier
 46677 | Shoals:1 | Learned a level 4 spell: Passage of Golubria
 47032 | Shoals:1 | Reached skill level 1 in Translocations
 47419 | Shoals:2 | Reached skill level 19 in Spellcasting
 47934 | Shoals:2 | Acquired 550 gold pieces
 48824 | Shoals:3 | Noticed Ilsuiw
 48902 | Shoals:3 | Killed Ilsuiw
 49078 | Shoals:3 | Noticed Aizul
 49098 | Shoals:3 | Killed Aizul
 49185 | Shoals:3 | Noticed Roxanne
 49765 | Shoals:4 | Entered Level 4 of the Shoals
 49828 | Shoals:4 | Noticed Polyphemus
 51058 | Shoals:4 | Got a barnacled rune of Zot
 51413 | Shoals:4 | Found Bautz's Assorted Antiques.
 51448 | Shoals:4 | Bought an ancient rapier for 360 gold pieces
 51448 | Shoals:4 | Identified the +7 rapier of Yeast {venom, rF+} (You bought
                  | it in a shop on level 4 of the Shoals)
 51493 | Shoals:4 | Reached XP level 20. HP: 125/125 MP: 35/45
 51566 | Shoals:4 | Reached skill level 5 in Translocations
 51571 | Shoals:4 | Mangled by Polyphemus

Illustrated notes

Levels and vault maps discovered:
D:1:      psy_arrival_radial02, layout_rooms
D:2:      layout_basic
D:3:      layout_loops_cross, minmay_overflow_temple_star_quad,
          amcnicky_altar_gilded
D:4:      layout_basic, mainiacjoe_overflow_catwalk, serial_shops,
          nicolae_stop_n_shop_1
D:5:      layout_loops_ring, gammafunk_ghost_mausoleum, serial_bayou_pond_d,
          uniq_edmund
D:6:      corexii_shantytown, layout_loops_ring,
          mainiacjoe_overflow_small_starburst, mainiacjoe_overflow_alcove_4,
          grunt_dithmenos_shadows
D:7:      layout_basic, minmay_temple_entry_trees,
          lightli_ossuary_entry_decrepit_ruins
D:8:      cheibrodos_two_vegetables, layout_rooms, item_on_display_a,
          uniq_joseph, uniq_erica, uniq_maurice, uniq_harold
D:9:      layout_rooms, mainiacjoe_overflow_brackets, uniq_maggie
D:10:     layout_irregular_city, mainiacjoe_overflow_six_doors_small,
          mainiacjoe_overflow_cross_hatched, erik_lair_orcish_takeover,
          chequers_jeans, uniq_grum
D:11:     layout_roguey, minmay_orc_entry_temple_small, nzn_ghost_randoct,
          portal_ice_cave_entry_animals_and_master
D:12:     layout_basic
D:13:     layout_stronghold, david_vaults_2, serial_shops, nicolae_diamond_shop,
          chequers_serial_rivers_small_3, nicolae_vehumet_altar_sigil
D:14:     layout_roguey, elyvilon_altar_3
D:15:     grunt_enter_depths_hoard, layout_irregular_city,
          hangedman_abyss_or_decor_slice, serial_shops, nicolae_shop_stone
Temple:   minmay_temple_curvy_loop
Lair:1:   layout_loops_ring, lightli_volcano_entry_magma_tube,
          gammafunk_ghost_cemetery
Lair:2:   layout_cellular_growth
Lair:3:   layout_small_grid, spider_nest_entry_funnel_web
Lair:4:   minmay_lair_venomous_thicket, layout_gridlike,
          elwin_shoals_entry_rooms, grunt_megastairs_3, serial_bayou_shore_a,
          infiniplex_staircase_pool
Lair:5:   layout_cave_pods, minmay_slime_entry_pillars,
          minmay_lair_oklob_chamber, uniq_sonja
Lair:6:   cheibrodos_lair_end_hotspot, layout_regular_city,
          gammafunk_ghost_berserking_beasts
Shoals:1: layout_shoals
Shoals:2: layout_shoals
Shoals:3: layout_shoals, uniq_ilsuiw, uniq_roxanne, uniq_aizul
Shoals:4: shoals_end_simple, layout_shoals, shoals_ilsuiw_alternative,
          serial_shops, nicolae_shop_waterfront, uniq_polyphemus
Spider:1: nicolae_spider_hall_of_the_moth_king, nicolae_spider_bug_shape
Spider:2: layout_spider_delve, drop_trap, hangedman_spider_tarantella_strand
Spider:3: nicolae_spider_mines_3, nicolae_spider_moth_buddies, uniq_jorgrun,
          uniq_bai_suzhen
Spider:4: guppyfry_spider_rune, drop_trap, uniq_louise
Orc:1:    layout_caves, serial_shops, shop, basic_altar
Orc:2:    grunt_orc_gardens, layout_caves, grunt_orc_garden, grunt_orc_garden,
          grunt_orc_garden, grunt_orc_garden
Elf:1:    minmay_elf_arrival_summoners, layout_rooms, hangedman_elf_represent,
          nicolae_elf_m_pinch, st_stairs_7, minmay_shop_grove
Elf:2:    nicolae_elf_blades_splatter_lattice
          [nicolae_blade_entry_crossed_weapons], layout_geoelf_diagonals
Elf:3:    minmay_elf_hall_quartered_circle, layout_gridlike, serial_shops,
          nicolae_diamond_shop

Skill      XL: |  1  2  3  4  5  6  7  8  9 10 11 12 13 14 15 16 17 18 19 20 |
---------------+-------------------------------------------------------------+-----
Fighting       | 1 2 3 4 5 6 7 8 9 10 11 12 13 | 13.5
Dodging        | 3 4 5 6 8 9 10 11 12 13 14 15 | 15.0
Spellcasting   | 4 5 6 7 9 10 11 12 13 14 15 16 17 18 19 | 19.5
Ice Magic      | 5 6 7 8 9 10 11 12 13 14 15 16 17 | 17.2
Conjurations   | 2 4 5 |  5.0
Hexes          | 2 5 6 8 10 11 12 | 12.0
Armour         | 2 4 5 |  5.0
Air Magic      | 3 5 6 7 8 |  8.7
Shields        | 1 3 5 6 8 9 10 11 | 11.3
Poison Magic   | 3 5 7 8 |  8.0
Summonings     | 3 6 |  6.0
Translocations | 4 5 |  5.0
Stealth        | |  2.4

Action                   |  1- 3 |  4- 6 |  7- 9 | 10-12 | 13-15 | 16-18 | 19-21 || total
-------------------------+-------+-------+-------+-------+-------+-------+-------++-------
Melee: Dagger            |     4 |       |   273 |   362 |    70 |       |       ||   709
       Rapier            |     5 |    20 |     1 |       |       |       |       ||    26
       Trident           |       |       |       |       |   650 |   632 |   391 ||  1673
Throw: Boomerang         |       |     3 |    25 |    20 |    13 |       |       ||    61
       Dart              |       |       |       |       |    21 |     2 |     1 ||    24
 Cast: Freeze            |    59 |    39 |    19 |    25 |     2 |       |       ||   144
       Ensorcelled Hiber |       |     7 |       |       |     3 |     1 |       ||    11
       Frozen Ramparts   |       |    10 |    45 |    67 |   143 |   132 |    77 ||   474
       Ozocubu's Armour  |       |     7 |    36 |    57 |   124 |    65 |    23 ||   312
       Hailstorm         |       |       |    15 |    34 |   103 |    56 |    14 ||   222
       Tukima's Dance    |       |       |     1 |     2 |     2 |     6 |     1 ||    12
       Shock             |       |       |       |     8 |       |       |       ||     8
       Static Discharge  |       |       |       |    11 |   103 |     3 |       ||   117
       Cause Fear        |       |       |       |     1 |     8 |     4 |     2 ||    15
       Airstrike         |       |       |       |       |    16 |   156 |   105 ||   277
       Ozocubu's Refrige |       |       |       |       |     1 |     7 |     4 ||    12
       Stone Arrow       |       |       |       |       |       |    63 |       ||    63
       Summon Ice Beast  |       |       |       |       |       |    20 |    22 ||    42
       Freezing Cloud    |       |       |       |       |       |    31 |    38 ||    69
       Olgreb's Toxic Ra |       |       |       |       |       |    50 |    11 ||    61
Evoke: Wand              |       |       |       |       |    12 |       |     4 ||    16
  Use: Scroll            |       |    14 |     5 |     4 |    13 |    20 |     5 ||    61
       Potion            |       |     1 |     1 |     4 |     2 |     3 |     2 ||    13
 Stab: Sleeping          |     2 |     9 |     2 |     1 |     2 |       |     1 ||    17
       Distracted        |       |       |       |     1 |       |     1 |     2 ||     4
       Invisible         |       |       |       |       |     1 |       |       ||     1
Armor: Robe              |     8 |    10 |    81 |    56 |       |       |       ||   155
       Steam dragon scal |       |       |       |   208 |   219 |       |       ||   427
       Troll leather arm |       |       |       |       |   164 |   701 |   292 ||  1157
Dodge: Dodged            |    45 |    49 |   187 |   430 |   665 |   892 |   405 ||  2673
Block: Other             |       |     2 |    64 |   114 |    27 |       |       ||   207
       Reflection        |       |     1 |       |       |    10 |       |       ||    11
       Kite shield       |       |       |       |       |   609 |   642 |   369 ||  1620

Table legend: (Time is in decaauts)
 A = Elapsed time spent in this place.
 B = Non-inter-level travel time spent in this place.
 C = Inter-level travel time spent in this place.
 D = Time resting spent in this place.
 E = Time spent auto-exploring this place.
 F = Levels seen in this place.
 G = Mean time per level.
                   A        B        C        D        E       F      G
               +--------+--------+--------+--------+--------+-----+--------+
         Total |  52669 |  50480 |   2189 |  20084 |  15783 |  38 | 1386.0 |
       Dungeon |  18657 |  17970 |    687 |   6072 |   7519 |  15 | 1243.8 |
        Temple |    241 |    221 |     20 |      0 |    189 |   1 |  241.0 |
          Lair |  11992 |  11260 |    732 |   4498 |   4281 |   6 | 1998.7 |
        Shoals |   5388 |   5217 |    171 |   2110 |    900 |   4 | 1347.0 |
   Spider Nest |   4828 |   4705 |    123 |   1641 |   1351 |   4 | 1207.0 |
  Orcish Mines |   2827 |   2612 |    215 |    777 |    591 |   2 | 1413.5 |
   Elven Halls |   6510 |   6270 |    240 |   3328 |    896 |   3 | 2170.0 |
       Ossuary |    652 |    652 |      0 |    408 |     54 |   1 |  652.0 |
      Ice Cave |   1200 |   1200 |      0 |    982 |      0 |   1 | 1200.0 |
       Volcano |    369 |    369 |      0 |    268 |      0 |   1 |  369.0 |
               +--------+--------+--------+--------+--------+-----+--------+

Top non-repeatable levels by time:
   Elf:3: 2780 daAuts
  Lair:6: 2749 daAuts
  Lair:3: 2105 daAuts
   Elf:1: 2065 daAuts
  Lair:5: 2033 daAuts
    D:11: 2024 daAuts
  Lair:4: 1838 daAuts
Shoals:3: 1815 daAuts
   Orc:2: 1809 daAuts
     D:6: 1792 daAuts
  Lair:2: 1750 daAuts
     D:7: 1735 daAuts
   Elf:2: 1664 daAuts
Shoals:4: 1648 daAuts
     D:4: 1578 daAuts
